 Dungeon Crawl Stone Soup version 0.28-a0-653-g7e9dba17c3 (webtiles) character file.

Game seed: 4354821376671252041

513 pokeman the Magician (level 7, -4/39 HPs)
             Began as a Deep Elf Hedge Wizard on Oct 11, 2021.
             Killed from afar by Sigmund (6 damage)
             ... with a magic dart
             ... on level 4 of the Dungeon.
             The game lasted 00:11:42 (4587 turns).

pokeman the Magician (Deep Elf Hedge Wizard)        Turns: 4587, Time: 00:11:43

Health: -4/39      AC:  7    Str: 13    XL:     7   Next: 0%
Magic:  12/20      EV: 12    Int: 21    God:
Gold:   107        SH:  0    Dex: 14    Spells: 10/21 levels left

rFire   . . .      SeeInvis .   a - +2 dagger (venom)
rCold   . . .      Faith    .   (no shield)
rNeg    . . .      Spirit   .   j - +0 leather armour
rPois   .          Reflect  .   s - +0 helmet
rElec   .          Harm     .   h - +2 cloak
rCorr   .          Rampage  .   (no gloves)
Will    .....                   (no boots)
Stlth   ++........              (no amulet)
HPRegen 0.13/turn               i - +6 ring of strength
MPRegen 0.17/turn               (no ring)

@: no status effects
A: no striking features
a: no special abilities


You were on level 4 of the Dungeon.
You visited 1 branch of the dungeon, and saw 4 of its levels.

You collected 107 gold pieces.

Inventory:

Hand Weapons
 a - a +2 dagger of venom (weapon)
 q - a +3 quarterstaff of chaos
Missiles
 d - 41 arrows
Armour
 h - a +2 cloak (worn)
 j - a +0 leather armour (worn)
 s - a +0 helmet (worn)
Jewellery
 i - a +6 ring of strength (left hand)
 u - a ring of protection from fire
Scrolls
 c - a scroll of noise {unknown}
 g - a scroll of magic mapping {unknown}
 l - a scroll of vulnerability {unknown}
 n - a scroll of enchant weapon {unknown}
 t - 3 scrolls of identify {unknown}
Potions
 b - a potion of magic {unknown}
 e - 3 potions of curing {unknown}
 f - a potion of cancellation {unknown}
 k - a potion of haste {unknown}
 m - 4 potions of lignification {unknown}
 o - a potion of attraction {unknown}
 p - 3 potions of mutation {unknown}
 r - a potion of ambrosia {unknown}


   Skills:
 + Level 1.8 Fighting
 - Level 1.1 Armour
 - Level 3.0 Dodging
 - Level 3.0 Stealth
 * Level 7.5 Spellcasting
 + Level 3.5 Conjurations
 - Level 1.1 Summonings
 - Level 1.1 Translocations
 + Level 1.8 Fire Magic
 - Level 1.0 Air Magic
 - Level 1.2 Poison Magic


You had 10 spell levels left.
You knew the following spells:

 Your Spells              Type           Power      Damage    Failure   Level
a - Magic Dart            Conj           88%        1d7       2%          1
b - Mephitic Cloud        Conj/Pois/Air  16%        N/A       14%         3
c - Call Imp              Summ           12%        N/A       11%         2
d - Blink                 Tloc           N/A        N/A       11%         2
e - Conjure Flame         Conj/Fire      19%        6-21      11%         3

Your spell library contained the following spells:

 Spells                   Type           Power      Damage    Failure   Level
 Apportation              Tloc           24%        N/A       7%          1
 Summon Small Mammal      Summ           48%        N/A       7%          1
 Animate Skeleton         Necr           14%        N/A       11%         1
 Slow                     Hex            7%         N/A       16%         2
 Animate Armour           Summ/Erth      20%        N/A       63%         4
 Petrify                  Tmut/Erth      7%         N/A       71%         4
 Irradiate                Conj/Tmut      7%         3d15      82%         5
 Blade Hands              Tmut           3%         N/A       96%         5
 Iron Shot                Conj/Erth      7%         9d2       100%        6


Dungeon Overview and Level Annotations

Branches:
Dungeon (4/15)
 Temple: D:4-7

Altars:
Trog
Wu Jian

Portals:
Ossuary: D:4

Annotations:
D:3 Loot behind glass
D:4 Sigmund


Message History

Unknown command.
* * * LOW HITPOINT WARNING * * *
You feel sick.
Casting: Call Imp (safe; 11% risk of failure)
Confirm with . or Enter, or press ? or * to list all spells.
You blink.
* * * LOW HITPOINT WARNING * * *
You feel sick.
You are no longer poisoned.
The adder closely misses your crimson imp.
The adder bites your crimson imp.
Your crimson imp blinks!
You see here a red potion.
Casting: Blink (safe; 11% risk of failure)
Confirm with . or Enter, or press ? or * to list all spells.
The spell is quite dangerous to cast (14% risk of failure)!
Continue anyway?
Aiming: Mephitic Cloud (quite dangerous; 14% risk of failure)
Press: ? - help, Shift-Dir - straight line, f - adder
Aim: an adder (heavily wounded, poisoned, ally target, chance to affect: 91%)
The ball explodes into a vile cloud!
The stinking cloud engulfs the adder but does no damage.
The adder is heavily wounded.
The stinking cloud engulfs the goblin but does no damage.
You hear a shout!
The adder is engulfed in noxious fumes.
The adder appears confused.
The adder bites the goblin.
The goblin is engulfed in noxious fumes.
The goblin appears confused.
Unknown command.
Unknown command.
Unknown command.
The adder is engulfed in noxious fumes.
The adder appears confused.
The goblin is engulfed in noxious fumes.
The goblin appears confused.
The adder is engulfed in noxious fumes.
The adder appears confused.
Your crimson imp barely misses the adder.
Unknown command.
A magic dart appears from out of thin air!
The magic dart hits you.
You die...

....#
###.#....................
##.##
#.#..........†......###
#.. #.#...............###
### #.#.......)$..##..#
#.#...<.......##....h.#
#.#.############......#
#...# #.......
###.######## #......#
#.....@.!..# ........
#..........### ........
#.....5S...........!.._
###....☼........
#{##°#######... #..○g# ..
#.#### # ##.# ##>{#


You could see an adder (confused, poisoned, ally target), a goblin (confused)
and a friendly crimson imp (summoned).

Vanquished Creatures
  An ogre (D:4)
  A black bear (D:4)
  A bullfrog zombie (D:4)
  A jelly (D:4)
  Crazy Yiuf (D:2)
  Jessica (D:2)
  An iguana (D:4)
  Terence (D:2)
  An orc wizard (D:3)
  Robin (D:3)
  4 adders
  A white imp (D:3)
  2 worms (D:2)
  A dart slug (D:1)
  4 orcs (D:3)
  2 bats
  6 endoplasms
  A giant cockroach (D:1)
  16 goblins
  5 hobgoblins
  9 jackals
  8 kobolds
  4 quokkas
  6 ball pythons
  6 frilled lizards
  A quokka skeleton (D:4)
  3 rats
89 creatures vanquished.

Notes
Turn   | Place    | Note
-------+----------+-------------------------------------------
     0 | D:1      | pokeman the Deep Elf Hedge Wizard began the quest for the
                  | Orb.
     0 | D:1      | Reached XP level 1. HP: 10/10 MP: 7/7
     1 | D:1      | Noticed a green draconian
     3 | D:1      | Noticed a shadow dragon
     5 | D:1      | Noticed a large abomination
     7 | D:1      | Noticed an orb of fire
     9 | D:1      | Noticed an ice dragon
    11 | D:1      | Noticed an iron dragon
    13 | D:1      | Noticed a large abomination
    13 | D:1      | Noticed a shadow dragon
    15 | D:1      | Noticed a shadow dragon
    17 | D:1      | Noticed a tentacled monstrosity
    19 | D:1      | Noticed an iron dragon
   306 | D:1      | Found a faded altar of an unknown god.
   333 | D:1      | Reached XP level 2. HP: 16/16 MP: 4/9
   805 | D:1      | Got Ypoemn's Collected Works on Transmutation and Battle
                  | Magic
  1082 | D:1      | Reached skill level 5 in Spellcasting
  1141 | D:1      | Reached XP level 3. HP: 11/20 MP: 2/11
  1145 | D:1      | Learned a level 3 spell: Mephitic Cloud
  1148 | D:1      | Learned a level 2 spell: Call Imp
  1151 | D:1      | Learned a level 2 spell: Blink
  1155 | D:1      | Learned a level 3 spell: Conjure Flame
  1721 | D:2      | Noticed Jessica
  1728 | D:2      | Killed Jessica
  1729 | D:2      | Reached skill level 1 in Fighting
  1729 | D:2      | Reached skill level 1 in Armour
  1736 | D:2      | Reached XP level 4. HP: 23/25 MP: 1/13
  1887 | D:2      | Noticed Terence
  1906 | D:2      | Killed Terence
  2343 | D:2      | Found a runed translucent door.
  2344 | D:2      | Noticed Crazy Yiuf
  2952 | D:2      | Killed Crazy Yiuf
  2953 | D:2      | Reached skill level 6 in Spellcasting
  2953 | D:2      | Reached skill level 1 in Fire Magic
  2953 | D:2      | Reached XP level 5. HP: 29/29 MP: 5/15
  3203 | D:3      | Noticed Robin
  3231 | D:3      | Killed Robin
  3728 | D:3      | Reached skill level 1 in Air Magic
  4426 | D:4      | Reached XP level 6. HP: 34/34 MP: 13/17
  4450 | D:4      | Reached skill level 7 in Spellcasting
  4450 | D:4      | Reached skill level 1 in Poison Magic
  4466 | D:4      | Found a bloodstained altar of Trog.
  4466 | D:4      | Found an ornate altar of the Wu Jian Council.
  4536 | D:4      | Reached XP level 7. HP: 14/39 MP: 15/20
  4567 | D:4      | Noticed Sigmund
  4569 | D:4      | Found a sand-covered staircase.
  4582 | D:4      | HP: 1/39 [poisoned by an adder]
  4587 | D:4      | Killed from afar by Sigmund

Illustrated notes

Levels and vault maps discovered:
D:1:      shiori_arrival_whats_in_store_for_you, layout_loops_ring,
          shapermc_ecumenical_altar_mp_vishouse, minmay_door_square
D:2:      layout_basic, minmay_tromino_v4_a, uniq_crazy_yiuf_cottage,
          uniq_jessica, uniq_terence
D:3:      layout_basic, serial_glass, glass_columns_a, glass_columns_a,
          glass_columns_a, glass_columns_a, glass_columns_c, glass_columns_a,
          due_unseen_surprise, uniq_robin
D:4:      layout_rooms, chequers_temple_overflow_statue_of_worship,
          enter_ossuary_2, lemuel_another_geyser, uniq_sigmund

Skill      XL: |  1  2  3  4  5  6 |
---------------+-------------------+-----
Spellcasting   | 5 6 7 |  7.5
Fighting       | 1 |  1.8
Armour         | 1 |  1.1
Conjurations   | 2 3 |  3.5
Fire Magic     | 1 |  1.8
Dodging        | 3 |  3.0
Air Magic      | 1 |  1.0
Stealth        | 3 |  3.0
Poison Magic   | 1 |  1.2
Summonings     | |  1.1
Translocations | |  1.1

Action                   |  1- 3 |  4- 6 |  7- 9 || total
-------------------------+-------+-------+-------++-------
Melee: Dagger            |     9 |    80 |     4 ||    93
       Short sword       |     3 |       |       ||     3
 Cast: Magic Dart        |    92 |   101 |       ||   193
       Mephitic Cloud    |       |     6 |     1 ||     7
       Call Imp          |       |     2 |     1 ||     3
       Conjure Flame     |       |     3 |     1 ||     4
       Blink             |       |       |     1 ||     1
 Stab: Confused          |       |     1 |       ||     1
       Sleeping          |       |     1 |       ||     1
Armor: Robe              |     6 |     2 |       ||     8
       Leather armour    |       |    20 |     2 ||    22
Dodge: Dodged            |    31 |    45 |     3 ||    79

Table legend: (Time is in decaauts)
 A = Elapsed time spent in this place.
 B = Non-inter-level travel time spent in this place.
 C = Inter-level travel time spent in this place.
 D = Time resting spent in this place.
 E = Time spent auto-exploring this place.
 F = Levels seen in this place.
 G = Mean time per level.
                   A        B        C        D        E       F      G
               +--------+--------+--------+--------+--------+-----+--------+
         Total |   4585 |   4483 |    102 |    104 |   3665 |   4 | 1146.2 |
       Dungeon |   4585 |   4483 |    102 |    104 |   3665 |   4 | 1146.2 |
               +--------+--------+--------+--------+--------+-----+--------+

Top non-repeatable levels by time:
     D:1: 1714 daAuts
     D:3: 1346 daAuts
     D:2: 1340 daAuts
     D:4: 183 daAuts
